 Dungeon Crawl Stone Soup version 0.20.1-1-g8b1a95d (webtiles) character file.

770 ampet the Skirmisher (level 7, -9/64 HPs)
             Began as a Minotaur Berserker on July 27, 2017.
             Was a Priest of Trog.
             Mangled by an orc warrior
             ... wielding a +0 mace
              (18 damage)
             ... on level 5 of the Dungeon.
             The game lasted 00:30:44 (4377 turns).

ampet the Skirmisher (Minotaur Berserker)           Turns: 4377, Time: 00:30:45

Health: -9/64      AC:  4    Str: 23 (26) XL:     7   Next: 53%
Magic:  6/6        EV: 13    Int:  3 (4)  God:    Trog [***...]
Gold:   195        SH:  0    Dex: 10 (11) Spells: 6/6 levels left

rFire    . . .     SeeInvis .   a - +0 hand axe
rCold    . . .     Gourm    .   (no shield)
rNeg     . . .     Faith    +   b - +1 animal skin
rPois    .         Spirit   .   (helmet restricted)
rElec    .         Reflect  .   (no cloak)
rCorr    .         Harm     .   p - +0 pair of gloves
MR       .....                  (no boots)
Stlth    ++........             k - amulet of faith
Regen    0.2/turn               o - +4 ring of strength
MPRegen  0.1/turn               (no ring)

@: berserk cooldown, very slightly contaminated, slowed, very slow
A: retaliatory headbutt, horns 2
a: Berserk, Trog's Hand, Burn Spellbooks, Renounce Religion


You were on level 5 of the Dungeon.
You worshipped Trog.
Trog was most pleased with you.
You were not hungry.

You visited 1 branch of the dungeon, and saw 5 of its levels.

You collected 195 gold pieces.

Inventory:

Hand Weapons
 a - a +0 hand axe (weapon)
 g - a cursed -1 long sword
 i - a +1 flail of protection
 n - the +11 trident "Motrih" {pain, *Slow Int+5 SInv}
   (You found it on level 4 of the Dungeon)

   In the hands of one skilled in necromantic magic, it inflicts extra damage on
   living creatures.
   It affects your intelligence (+5).
   It lets you see invisible.
   It may slow you when you take damage.
Armour
 b - a +1 animal skin (worn)
 p - a +0 pair of gloves (worn)
Jewellery
 k - an amulet of faith (around neck)
 o - a +4 ring of strength (left hand)
Wands
 j - a wand of clouds (2/9)
Scrolls
 d - a scroll of magic mapping
 l - a scroll of teleportation
 m - 2 scrolls of remove curse
Potions
 e - a potion of curing
Comestibles
 c - 3 bread rations
 h - 4 meat rations


   Skills:
 + Level 6.4 Fighting
 + Level 6.4 Axes
 + Level 3.4 Armour
 * Level 4.4 Dodging
 * Level 1.8 Stealth
 * Level 2.8 Unarmed Combat


You had 6 spell levels left.
You didn't know any spells.

Dungeon Overview and Level Annotations

Branches:
Dungeon (5/15)
 Temple: D:4-7

Altars:
Qazlal
Vehumet


Innate Abilities, Weirdness & Mutations

You reflexively headbutt those who attack you in melee.
You have a pair of horns on your head.


Message History

The orc warrior is lightly wounded.
You are no longer berserk.
You are exhausted.
You feel yourself slow down. The orc warrior hits you with a mace!
You feel better. The orc warrior misses you.
Blink to where?
Press: ? - help, Dir - move target cursor You are very lightly contaminated with residual magic.
As you read the scroll of blinking, it crumbles to dust.
A scorpion comes into view.
The orc warrior hits you with a mace!
* * * LOW HITPOINT WARNING * * *
You barely miss the orc warrior. Your headbutt misses the orc warrior.
The orc warrior is lightly wounded.
The orc warrior barely misses you. The orc warrior hits you with a mace!
* * * LOW HITPOINT WARNING * * *
There is a stone staircase leading up, spattered with blood here.
The orc warrior hits you with a mace!!
You die...

.8 .... ... .#.#.. ....
#.#.#.# .....# .#
#.#.#.# #+.....+ #.#
#.#.#.# #.#.....# #.#
#.#.#.#.#......+ #.#
#.#.#o#.......# #.#
#.#.#@.......#
####..##..##(##)....####
.............(.)........
..............))........
s≈≈≈≈≈≈≈≈.≈≈≈()...≈≈..≈≈
≈≈≈≈≈≈≈≈≈≈≈≈≈.()..≈≈≈≈≈≈
≈≈≈≈≈≈≈≈≈≈≈≈≈....≈≈≈≈≈≈≈
≈≈≈≈≈≈≈≈≈≈≈≈≈....≈≈≈≈≈≈≈
##############++########


You could see an orc warrior.

Vanquished Creatures
  Purgy (D:3)
  An ogre (D:4)
  A water moccasin skeleton (D:4)
  A scorpion (D:4)
  A vampire bat (D:3)
  A hound (D:4)
  An orc priest (D:5)
  A centaur skeleton (D:4)
  Ijyb (D:3)
  4 orc wizards
  Robin (D:3)
  11 adders
  2 oozes
  A worm (D:2)
  3 leopard geckos
  12 orcs
  4 giant cockroaches
  6 hobgoblins
  7 jackals
  A quokka (D:4)
  2 ball pythons
  15 bats
  A frilled lizard (D:4)
  16 goblins
  A jackal skeleton (D:4)
  7 kobolds
  3 rats
106 creatures vanquished.

Notes
Turn   | Place    | Note
-------+----------+-------------------------------------------
     0 | D:1      | ampet the Minotaur Berserker began the quest for the Orb.
     0 | D:1      | Reached XP level 1. HP: 19/19 MP: 0/0
   209 | D:1      | Reached XP level 2. HP: 27/27 MP: 1/1
   831 | D:2      | Reached XP level 3. HP: 14/34 MP: 2/2
  1201 | D:2      | Found a stormy altar of Qazlal.
  1405 | D:2      | Reached XP level 4. HP: 41/41 MP: 3/3
  1430 | D:2      | Found a radiant altar of Vehumet.
  1819 | D:3      | Reached ** piety under Trog
  1975 | D:3      | Noticed Purgy
  1983 | D:3      | Killed Purgy
  1983 | D:3      | Reached skill level 5 in Fighting
  1983 | D:3      | Reached skill level 5 in Axes
  1983 | D:3      | Reached skill level 1 in Unarmed Combat
  1983 | D:3      | Reached XP level 5. HP: 29/48 MP: 4/4
  2307 | D:3      | Reached XP level 6. HP: 48/57 MP: 5/5
  2366 | D:3      | Noticed Robin
  2373 | D:3      | Killed Robin
  2469 | D:3      | Noticed Ijyb
  2489 | D:3      | Killed Ijyb
  2617 | D:3      | Reached *** piety under Trog
  3655 | D:4      | Reached skill level 1 in Stealth
  3792 | D:4      | Reached XP level 7. HP: 64/64 MP: 6/6
  4079 | D:4      | Got a faintly glowing trident
  4220 | D:4      | Identified the +11 trident "Motrih" {pain, *Slow Int+5 SInv} (You found it on level 4 of the Dungeon)
  4341 | D:5      | Entered Level 5 of the Dungeon
  4377 | D:5      | Mangled by an orc warrior

Skill      XL: |  1  2  3  4  5  6  7 |
---------------+----------------------+-----
Axes           | 4 5 6 |  6.4
Fighting       | 4 5 6 |  6.4
Armour         | 3 |  3.4
Unarmed Combat | 1 2 |  2.8
Dodging        | 3 4 |  4.4
Stealth        | 1 |  1.8

Action                   |  1- 3 |  4- 6 |  7- 9 || total
-------------------------+-------+-------+-------++-------
Melee: Hand axe          |    51 |   160 |    31 ||   242
       Headbutt          |     7 |    22 |     6 ||    35
       Punch             |       |     1 |     1 ||     2
Invok: Berserk           |       |     1 |     1 ||     2
       Burn Spellbooks   |       |     1 |       ||     1
       Trog's Hand       |       |       |     1 ||     1
  Use: Scroll            |     6 |     8 |     2 ||    16
       Potion            |       |     4 |     2 ||     6
  Eat: Chunk             |     1 |     1 |       ||     2
       Royal jelly       |       |     2 |       ||     2
       Bread ration      |       |     1 |       ||     1
       Fruit             |       |       |     3 ||     3
Armor: Animal skin       |    22 |    35 |     4 ||    61
Dodge: Dodged            |    48 |   119 |    24 ||   191
